 Dungeon Crawl Stone Soup version 0.27-a0-998-g4cfe56dd59 (webtiles) character file.

Game seed: 16289598943086137820

6 ArcanElement the Shield-Bearer (level 2, -1/24 HPs)
             Began as a Human Fighter on Apr 16, 2021.
             Slain by a quokka (4 damage)
             ... on level 1 of the Dungeon.
             The game lasted 00:00:19 (310 turns).

ArcanElement the Shield-Bearer (Human Fighter)       Turns: 310, Time: 00:00:19

Health: -1/24      AC:  6    Str: 16    XL:     2   Next: 0%
Magic:  2/2        EV:  6    Int:  8    God:
Gold:   1          SH:  8    Dex: 12    Spells: 1/1 levels left

rFire    . . .     SeeInvis .   a - +0 long sword
rCold    . . .     Faith    .   c - +0 kite shield
rNeg     . . .     Spirit   .   b - +0 scale mail
rPois    .         Reflect  .   (no helmet)
rElec    .         Harm     .   (no cloak)
rCorr    .         Rampage  .   (no gloves)
Will     .....                  (no boots)
Stlth    ..........             (no amulet)
HPRegen  0.08/turn              (no ring)
MPRegen  0.08/turn              (no ring)

@: no status effects
A: no striking features
a: no special abilities


You were on level 1 of the Dungeon.
You visited 1 branch of the dungeon, and saw 1 of its levels.

You collected 1 gold pieces.

Inventory:

Hand Weapons
 a - a +0 long sword (weapon)
Missiles
 e - 6 curare-tipped darts (quivered)
Armour
 b - a +0 scale mail (worn)
 c - a +0 kite shield (worn)
Scrolls
 f - a scroll of identify {unknown}
 g - a scroll of noise {unknown}
 h - a scroll of teleportation {unknown}
Potions
 d - a potion of might


   Skills:
 - Level 3.0 Fighting
 + Level 2.6 Long Blades
 - Level 3.0 Armour
 - Level 3.0 Shields


You had one spell level left.
You didn't know any spells.
Your spell library was empty.

Dungeon Overview and Level Annotations

Branches:
Dungeon (1/15)

Altars:


Message History

The jackal bites you but does no damage.
The jackal bites you. The kobold hits you but does no damage.
A hobgoblin comes into view.
The hobgoblin shouts!
You hit the jackal but do no damage.
The jackal is almost dead.
You block the jackal's attack.
The jackal bites you but does no damage.
The kobold hits you but does no damage. You block the jackal's attack.
The jackal bites you.
The kobold hits you but does no damage. x2
A ball python comes into view.
You closely miss the jackal.
The jackal is almost dead.
You block the jackal's attack. The jackal barely misses you.
The kobold hits you with a +1 short sword of speed.
The jackal bites you but does no damage.
You block the jackal's attack.
The kobold hits you with a +1 short sword of speed.
The jackal barely misses you.
You slash the jackal!
You kill the jackal!
You block the kobold's attack. The jackal bites you.
A goblin comes into view. It is wielding a +0 club.
The kobold hits you with a +1 short sword of speed.
The jackal closely misses you.
You have reached level 2!
You barely miss the kobold.
The goblin shouts!
The quokka bites you.
* * * LOW HITPOINT WARNING * * *
The kobold hits you with a +1 short sword of speed.
* * * LOW HITPOINT WARNING * * *
You block the jackal's attack. The kobold hits you but does no damage.
You block the quokka's attack. You block the jackal's attack.
The kobold hits you but does no damage.
Unknown command.
You hit the jackal.
The jackal is almost dead.
The quokka bites you.
You die... .# .# ##.###.### .# #......#.# .###### ..g...... ......#### ....#.# .##......# ...... #.# ###.#.##.# #g..# ..## ###.#.##.# #hrS#

...## .##.#..#.## #@K.#####
##(...##
.##.......######...#...###.......
.##.##.#...................###.#.
...#........................#....
.##.....>...................#.#..
..#......#######...#...###..#.#..
..............#.....#### #.......
#P.....P#≈#P..#.....# ##.###.#.#
##P...P##≈##P.#.....# #.# ##..#


You could see a quokka, a jackal, a hobgoblin, a goblin, a ball python and a
kobold.

Vanquished Creatures
  An endoplasm (D:1)
  A jackal (D:1)
  2 goblins (D:1)
  2 rats (D:1)
6 creatures vanquished.

Notes
Turn   | Place    | Note
-------+----------+-------------------------------------------
     0 | D:1      | ArcanElement the Human Fighter began the quest for the Orb.
     0 | D:1      | Reached XP level 1. HP: 18/18 MP: 1/1
   309 | D:1      | Reached XP level 2. HP: 10/24 MP: 2/2
   310 | D:1      | Slain by a quokka

Illustrated notes

Levels and vault maps discovered:
D:1:      eino_arrival_water_cross, layout_loops_cross, minmay_misc_feat_tower

Action                   || total
-------------------------++-------
Melee: Long sword        ||    17
Armor: Scale mail        ||    13
Dodge: Dodged            ||     8
Block: Kite shield       ||    14
       Rpst.: Long sword ||     2

Table legend: (Time is in decaauts)
 A = Elapsed time spent in this place.
 B = Non-inter-level travel time spent in this place.
 C = Inter-level travel time spent in this place.
 D = Time resting spent in this place.
 E = Time spent auto-exploring this place.
 F = Levels seen in this place.
 G = Mean time per level.
                   A        B        C        D        E       F      G
               +--------+--------+--------+--------+--------+-----+--------+
         Total |    318 |    318 |      0 |      0 |    280 |   1 |  318.0 |
       Dungeon |    318 |    318 |      0 |      0 |    280 |   1 |  318.0 |
               +--------+--------+--------+--------+--------+-----+--------+

Top non-repeatable levels by time:
     D:1: 318 daAuts
